Map: Cyber Forest LE

Players

Hubble - Winner!

  • Race: Protoss Protoss
  • League: Platinum
  • Spawn Location: 11:00

A.I. 1 (Medium)

  • Race: Zerg Zerg
  • Spawn Location: 5:00

VOD

Have the link to the VOD?

Description

Time

  • Played on: April 9, 2019, 2:40 p.m.
  • Length: 6:31
Show
View Real Time Build Order
Export as new Build Order

Hubble Protoss - Winner!

Build Orders: 1 Gate Expand, Dark Templar Rush 

Get SALT Encoding   

  12  0:01  Probe  
  13  0:13  Probe  
  14  0:21  Pylon  
  14  0:25  Probe  
  15  0:35  Probe  
  15  0:41  Gateway  
  16  0:43  Probe  
  17  0:53  Assimilator, Probe  
  18  1:05  Probe  
  19  1:17  Probe  
  20  1:28  Nexus  
  20  1:39  Cybernetics Core  
  20  1:42  Probe  
  21  1:47  Assimilator  
  21  1:54  Probe  
  22  1:58  Pylon  
  22  2:06  Probe  
  23  2:12  Adept  
  23  2:17  Warp Gate  
  23  2:18  Probe  
  26  2:25  Twilight Council  
  26  2:30  Probe  
  26  2:37  Stalker  
  27  2:41  Probe  
  30  2:45  Probe  
  31  2:54  Robotics Facility  
  31  2:58  Probe  
  31  2:59  Probe  
  33  3:07  Adept  
  35  3:13  Probe x2  
  37  3:25  Dark Shrine  
  37  3:26  Probe  
  38  3:31  Probe  
  38  3:33  Warp Prism  
  39  3:38  Probe  
  40  3:44  Gateway  
  42  3:50  Gateway  
  42  3:56  Gateway  
  42  3:58  Probe  
  42  4:00  Probe  
  44  4:07  Assimilator  
  44  4:09  Assimilator  
  44  4:11  Probe  
  44  4:16  Pylon  
  45  4:20  Pylon, Probe  
  46  4:34  Probe  
  47  4:39  Probe  
  47  4:40  Dark Templar  
  47  4:41  Dark Templar  
  52  4:46  Dark Templar, Probe  
  52  4:50  Dark Templar  
  57  5:00  Immortal  
  57  5:13  Probe  
  62  5:14  Pylon  
  62  5:16  Pylon  
  62  5:32  Probe  
  62  5:34  Probe  
  62  5:40  Immortal, Stalker  
  62  5:41  Stalker  
  62  5:42  Forge  
  70  5:43  Templar Archives  
  70  5:44  Probe  
  69  5:55  Stalker x2  
  71  6:04  Probe x2  
  71  6:14  Nexus  
  71  6:15  Pylon  
  71  6:19  Zealot x2  
Show
View Real Time Build Order
Export as new Build Order

A.I. 1 (Medium) Zerg 

Build Orders: 1 Base Baneling Bust, Pool First 

Get SALT Encoding   

  12  0:01  Drone  
  13  0:12  Overlord  
  13  0:17  Drone  
  14  0:30  Drone  
  14  0:33  Drone  
  16  0:42  Spawning Pool  
  15  0:45  Drone  
  15  0:49  Drone  
  17  0:52  Extractor  
  17  0:55  Drone  
  17  1:05  Overlord  
  17  1:29  Queen  
  17  1:31  Zergling x2  
  20  1:37  Roach Warren  
  20  1:38  Extractor, Drone  
  20  1:39  Zergling x2  
  20  1:49  Drone  
  21  1:59  Drone  
  22  2:10  Overlord  
  22  2:21  Roach  
  24  2:32  Roach  
  24  2:37  Overlord  
  26  2:40  Roach  
  28  2:47  Drone  
  28  2:49  Roach  
  31  2:55  Drone  
  32  3:06  Drone, Baneling Nest  
  32  3:08  Roach  
  32  3:09  Drone  
  35  3:13  Drone  
  35  3:18  Drone  
  37  3:28  Drone, Evolution Chamber  
  37  3:39  Roach  
  39  3:42  Overlord, Drone  
  40  4:58  Zergling x2, Overlord  
  40  4:59  Drone  
  42  5:01  Drone  
  42  5:05  Spore Crawler  
  42  5:06  Baneling  
  42  5:13  Zergling x2, Drone  
  44  5:20  Zergling x2, Overlord  
  45  5:25  Spore Crawler  
  45  5:27  Zergling x2  
  43  5:35  Zergling x2  
  41  5:40  Drone  
  37  5:43  Drone  
  20  6:03  Hatchery  
Tags
 
Add a new tag
Caveats
  • Supply blocks, unpowered buildings, or Contaminate may cause inaccurate times.
  • Supply counts are checked every 10 seconds.